[Event "Titled Tuesday Blitz August 1 Early 2023"]
[White "Clawitter, Craig"]
[Black "KorolDimitriy75"]
[WhiteFideId "2023105"]
[WhiteElo "2250"]
[BlackElo "2401"]
[Result "0-1"]
[Round "6"]
[TimeControl "180+1"]
[Date "2023.08.01"]
[WhiteClock "0:00:00"]
[BlackClock "0:00:38"]
[Board "201"]

1. e4 c5 2. Nf3 d6 3. d4 cxd4 4. Nxd4 Nf6 5. Nc3 g6 6. Be3 Bg7 7. f3 O-O 8. Qd2 Nc6 9. Bc4 Bd7 10. O-O-O Qa5 11. Bb3 Rfc8 12. Kb1 Ne5 13. h4 b5 14. Ncxb5 Qxd2 15. Bxd2 Rab8 16. a4 a6 17. Na3 Be8 18. Ka2 Nfd7 19. Bc3 Nc5 20. a5 Ba4 21. h5 Nc6 22. Nxc6 Rxc6 23. Bxg7 Kxg7 24. Bd5 Rc7 25. hxg6 hxg6 26. Rh4 e6 27. Bc4 Rb4 0-1


[Site "https://www.chess.com"]

[Event "Titled Tuesday Blitz August 1 Early 2023"]
[White "Mayaud, Raphael"]
[Black "Samaganova, Aleksandra"]
[WhiteFideId "627151"]
[BlackFideId "13800221"]
[WhiteElo "2358"]
[BlackElo "2249"]
[Result "1-0"]
[Round "6"]
[TimeControl "180+1"]
[Date "2023.08.01"]
[WhiteClock "0:00:12"]
[BlackClock "0:00:05"]
[Board "202"]

1. d4 Nf6 2. Bg5 Ne4 3. Bf4 c5 4. f3 Qa5+ 5. c3 Nf6 6. Nd2 cxd4 7. Nb3 Qb6 8. Qxd4 Qxd4 9. cxd4 Nc6 10. e4 e6 11. Ne2 Bb4+ 12. Kf2 O-O 13. a3 Be7 14. Nc3 d5 15. exd5 Nxd5 16. Nxd5 exd5 17. Bd3 Bf6 18. Be3 Re8 19. Rhe1 b6 20. Rac1 Bd7 21. Bb5 Rac8 22. Ba6 Rcd8 23. Rcd1 Nb8 24. Bd3 Ba4 25. Bc2 Rc8 26. Rd2 Rxc2 27. Rxc2 Bxb3 28. Rc7 a6 29. Rec1 Kf8 30. Rb7 b5 31. Rcc7 Be7 32. Bg5 f6 33. Bf4 Bc4 34. h4 Kf7 35. Bd6 Ke6 36. Bxe7 Kf5 37. Bc5 Re2+ 38. Kg3 Re8 39. Rxg7 a5 40. Kf2 b4 41. g4+ Kf4 42. Bd6+ Re5 43. dxe5 fxe5 44. Rgf7# 1-0


[Site "https://www.chess.com"]

[Event "Titled Tuesday Blitz August 1 Early 2023"]
[White "Akylbek2021"]
[Black "Vafin, Ayrat"]
[BlackFideId "4146530"]
[WhiteElo "2345"]
[BlackElo "2224"]
[Result "0-1"]
[Round "6"]
[TimeControl "180+1"]
[Date "2023.08.01"]
[WhiteClock "0:00:00"]
[BlackClock "0:00:16"]
[Board "203"]

1. e4 e5 2. Nf3 Nf6 3. Nc3 Bb4 4. d3 O-O 5. Be2 d5 6. exd5 Nxd5 7. Bd2 Re8 8. O-O Nxc3 9. bxc3 Bc5 10. Re1 Nc6 11. Bf1 Bg4 12. h3 Bh5 13. Rb1 b6 14. Be3 Bd6 15. g4 Bg6 16. Bg2 Qd7 17. Nh4 Rad8 18. Nxg6 hxg6 19. d4 e4 20. f3 exf3 21. Qxf3 Na5 22. Bf4 Rxe1+ 23. Rxe1 Re8 24. Rxe8+ Qxe8 25. Bxd6 cxd6 26. Kh2 Nc4 27. Qe4 Qxe4 28. Bxe4 Nd2 29. Bd5 Nf1+ 30. Kg1 Ne3 31. Bb3 g5 32. c4 f5 33. c5+ Kf8 34. gxf5 bxc5 35. dxc5 dxc5 36. Be6 Nxc2 37. Kf2 Nd4 38. Bc8 Ke7 39. Ke3 Kd8 40. Ba6 Nxf5+ 41. Ke4 Ne7 42. Bb5 Kc7 43. a4 Kd6 44. Be8 Ke6 45. Bb5 Ng6 46. Bc4+ Kf6 47. Kd5 Nf4+ 48. Kxc5 Nxh3 0-1


[Site "https://www.chess.com"]

[Event "Titled Tuesday Blitz August 1 Early 2023"]
[White "hsd2016"]
[Black "Elissalt Cardenas, Hector"]
[BlackFideId "3500632"]
[WhiteElo "2224"]
[BlackElo "2338"]
[Result "0-1"]
[Round "6"]
[TimeControl "180+1"]
[Date "2023.08.01"]
[WhiteClock "0:00:07"]
[BlackClock "0:00:39"]
[Board "204"]

1. e4 d6 2. d4 Nf6 3. Bd3 e5 4. dxe5 dxe5 5. Nf3 Bd6 6. Nbd2 h6 7. Nc4 Nc6 8. h3 Qe7 9. Be3 a6 10. O-O Be6 11. Nxd6+ cxd6 12. a3 Rd8 13. c4 g5 14. Nh2 Rg8 15. Ng4 Nxg4 16. hxg4 f6 17. b4 Qd7 18. f3 Qf7 19. Qe2 h5 20. gxh5 Qxh5 21. g4 Qh3 22. Qg2 Qh4 23. Qh2 Rh8 24. Qxh4 Rxh4 25. Kg2 Ke7 26. Rh1 Rdh8 27. Rxh4 Rxh4 28. Rd1 Nb8 29. c5 d5 30. exd5 Bxd5 31. Bf5 Bc6 32. Rd6 Nd7 33. Re6+ Kf7 34. Rd6 Nf8 35. Bd2 Ng6 36. Bxg6+ Kxg6 37. Bc3 Rxg4+ 38. Kf2 Rf4 39. Bxe5 Rxf3+ 40. Ke2 Rf5 41. Bc3 g4 42. Rd8 Kf7 43. Ke3 g3 44. Kd2 g2 45. Bd4 Rf1 46. Rd6 g1=Q 47. Bxg1 Rxg1 48. Kc3 Rg3+ 49. Kb2 f5 50. Rd4 Ke6 51. Rf4 Ke5 52. Rf2 f4 53. Re2+ Re3 54. Rf2 0-1


[Site "https://www.chess.com"]

[Event "Titled Tuesday Blitz August 1 Early 2023"]
[White "Yonal, Timur"]
[Black "Liu, Leonardo"]
[WhiteFideId "44115725"]
[BlackFideId "30965780"]
[WhiteElo "2334"]
[BlackElo "2220"]
[Result "0-1"]
[Round "6"]
[TimeControl "180+1"]
[Date "2023.08.01"]
[WhiteClock "0:00:00"]
[BlackClock "0:00:40"]
[Board "205"]

1. e4 c5 2. Nf3 g6 3. d4 cxd4 4. Nxd4 Bg7 5. Nc3 Nc6 6. Be3 Nf6 7. f3 O-O 8. Bc4 Qb6 9. Bb3 Nxe4 10. Nd5 Qa5+ 11. c3 Nc5 12. Nxc6 bxc6 13. Nxe7+ Kh8 14. O-O Re8 15. Nxc8 Rxe3 16. Nd6 Rd3 17. Nxf7+ Kg8 18. Ne5+ Nxb3 19. Qxb3+ Rd5 20. Nc4 Qc5+ 21. Kh1 Kh8 22. Rad1 Re8 23. Nd2 Rh5 24. Qf7 Qe5 25. f4 Qe2 26. Nf3 Re7 27. Qb3 Rb5 28. Qa4 Rxb2 29. Rg1 Bxc3 30. Qa6 Qxa6 0-1


[Site "https://www.chess.com"]

[Event "Titled Tuesday Blitz August 1 Early 2023"]
[White "AndresDelgado77"]
[Black "Tagliata"]
[WhiteElo "2328"]
[BlackElo "2209"]
[Result "1-0"]
[Round "6"]
[TimeControl "180+1"]
[Date "2023.08.01"]
[WhiteClock "0:00:48"]
[BlackClock "0:01:49"]
[Board "206"]

1. e4 c5 2. Nf3 Nc6 3. b4 cxb4 4. d4 d5 5. exd5 Qxd5 6. c4 bxc3 7. Nxc3 Qa5 8. Bd2 Qd8 9. d5 Nb8 10. Ne5 Nd7 11. Qa4 Nf6 12. Rc1 g6 13. Nb5 Nxd5 14. Bc4 e6 15. Bxd5 exd5 16. Nc7+ Ke7 17. Qh4+ f6 18. Bb4+ Nc5 19. Bxc5+ 1-0


[Site "https://www.chess.com"]

[Event "Titled Tuesday Blitz August 1 Early 2023"]
[White "Hrescak, Ivana"]
[Black "Viskelis, Darius"]
[WhiteFideId "14613441"]
[BlackFideId "12800830"]
[WhiteElo "2207"]
[BlackElo "2323"]
[Result "1-0"]
[Round "6"]
[TimeControl "180+1"]
[Date "2023.08.01"]
[WhiteClock "0:00:21"]
[BlackClock "0:00:18"]
[Board "207"]

1. e4 Nc6 2. Nf3 d6 3. d4 Bg4 4. Be3 Nf6 5. Nbd2 e6 6. h3 Bh5 7. c3 d5 8. e5 Ne4 9. Be2 Be7 10. Nxe4 dxe4 11. Nd2 Bg6 12. O-O O-O 13. Bh5 Bf5 14. g4 Bg6 15. Bxg6 fxg6 16. Nxe4 Qd5 17. Qc2 Rf3 18. Kg2 Raf8 19. Rad1 h5 20. c4 Qd8 21. Nd2 R3f7 22. Qxg6 Nxd4 23. Nb3 c5 24. Nxd4 cxd4 25. Rxd4 Qc7 26. Qxe6 Kh8 27. Qd5 Bc5 28. Re4 Bxe3 29. Rxe3 hxg4 30. hxg4 Rf4 31. Rh1# 1-0


[Site "https://www.chess.com"]

[Event "Titled Tuesday Blitz August 1 Early 2023"]
[White "Ramu, K."]
[Black "Valle Maytin, Luis Enrique"]
[WhiteFideId "5006171"]
[BlackFideId "3503666"]
[WhiteElo "2189"]
[BlackElo "2322"]
[Result "0-1"]
[Round "6"]
[TimeControl "180+1"]
[Date "2023.08.01"]
[WhiteClock "0:00:11"]
[BlackClock "0:00:48"]
[Board "208"]

1. e4 c5 2. Nf3 g6 3. d4 cxd4 4. Nxd4 Nc6 5. c4 Nf6 6. Nc3 d6 7. Be2 Nxd4 8. Qxd4 Bg7 9. Be3 O-O 10. Qd2 Qa5 11. O-O Be6 12. Rac1 Rfc8 13. b3 a6 14. f3 b5 15. Nd5 Qxd2 16. Bxd2 Nxd5 17. cxd5 Bd4+ 18. Kh1 Bd7 19. g3 Bb2 20. Rxc8+ Rxc8 21. Bd3 f6 22. Kg2 Kf7 23. Kf2 h5 24. Ke2 g5 25. Bb4 Bh3 26. Rb1 Bd4 27. Bd2 h4 28. g4 Bg2 29. a4 Be5 30. Kf2 h3 31. axb5 axb5 32. Rc1 Rxc1 33. Bxc1 Bxh2 34. Bxb5 Be5 35. Be3 Bc3 36. Bd3 Be1+ 37. Kg1 Bxf3 38. b4 Bg3 39. b5 h2+ 40. Kf1 h1=Q+ 41. Bg1 Qg2# 0-1


[Site "https://www.chess.com"]

[Event "Titled Tuesday Blitz August 1 Early 2023"]
[White "Fajdetic, Hrvoje"]
[Black "BeautiFullMindChess"]
[WhiteFideId "14501945"]
[WhiteElo "2315"]
[BlackElo "2169"]
[Result "1-0"]
[Round "6"]
[TimeControl "180+1"]
[Date "2023.08.01"]
[WhiteClock "0:00:05"]
[BlackClock "0:00:04"]
[Board "209"]

1. f4 g6 2. e4 c5 3. Nf3 Bg7 4. d3 Nc6 5. Be2 d6 6. O-O Bg4 7. Qe1 Nf6 8. Qh4 O-O 9. Nc3 Nd4 10. Nxd4 cxd4 11. Bxg4 dxc3 12. b3 Qb6+ 13. Kh1 a5 14. a4 Qc6 15. Bf3 Qc5 16. Qe1 d5 17. Ba3 Qc6 18. Bxe7 Rfe8 19. Bxf6 Bxf6 20. e5 Be7 21. d4 Bb4 22. Qe2 Qb6 23. Rad1 Rad8 24. g4 Qc6 25. Qg2 Bf8 26. f5 Kh8 27. h4 Kg8 28. f6 h6 29. Rde1 Kh8 30. Re3 Re6 31. Rd1 Kh7 32. Rdd3 Bb4 33. Kh2 Qd7 34. Kg3 Qc6 35. Qh3 Qd7 36. Be2 Rc8 37. Rf3 Rcc6 38. Rf4 Bf8 39. Rdf3 Qc7 40. Bd3 Qb6 41. h5 Kg8 42. hxg6 fxg6 43. Bxg6 Kh8 44. g5 Rxe5 45. dxe5 d4 46. e6 Rxe6 47. gxh6 Bd6 48. f7 Rf6 49. Qc8+ Bf8 50. Qxf8# 1-0


[Site "https://www.chess.com"]

[Event "Titled Tuesday Blitz August 1 Early 2023"]
[White "Butti, Enrique"]
[Black "Akhayan, Ruben"]
[WhiteFideId "3700470"]
[BlackFideId "204439"]
[WhiteElo "2167"]
[BlackElo "2312"]
[Result "1-0"]
[Round "6"]
[TimeControl "180+1"]
[Date "2023.08.01"]
[WhiteClock "0:01:09"]
[BlackClock "0:01:09"]
[Board "210"]

1. d4 Nf6 2. Nf3 g6 3. e3 Bg7 4. Bd3 O-O 5. O-O b6 6. c3 Bb7 7. Nbd2 d6 8. e4 Nbd7 9. Re1 e5 10. d5 Nh5 11. Nf1 f5 12. exf5 gxf5 13. Ng5 Qe8 14. Ne6 Bxd5 15. Nxc7 Qf7 16. Nxa8 Bxa8 17. Ng3 Nxg3 18. hxg3 Kh8 19. Be2 d5 20. f4 e4 21. Be3 Qg6 22. Kf2 Nf6 23. Rh1 Kg8 24. Bd4 Nd7 25. Bh5 Qe6 26. Bxg7 Kxg7 27. Qd4+ Kg8 28. Ke3 Bc6 29. Rh4 Nf6 30. Rah1 Rc8 31. Qe5 Bd7 32. Be2 a5 33. Rh6 Kf7 34. Rxf6+ Qxf6 35. Rxh7+ Kg6 36. Rh6+ 1-0


[Site "https://www.chess.com"]

[Event "Titled Tuesday Blitz August 1 Early 2023"]
[White "Jiganchine, Roman"]
[Black "LionKing2367890"]
[WhiteFideId "2603667"]
[WhiteElo "2312"]
[BlackElo "2166"]
[Result "0-1"]
[Round "6"]
[TimeControl "180+1"]
[Date "2023.08.01"]
[WhiteClock "0:00:00"]
[BlackClock "0:01:18"]
[Board "211"]

1. e4 e5 2. Nf3 Nc6 3. Nc3 Nf6 4. Bb5 Bb4 5. O-O O-O 6. Bxc6 dxc6 7. d3 Bxc3 8. bxc3 Bg4 9. h3 Bh5 10. Kh2 Re8 11. g4 Bg6 12. Bg5 h6 13. Bh4 Qd6 14. Bg3 Rad8 15. Qe2 c5 16. c4 a6 17. a4 c6 18. a5 Nd7 19. Nh4 Bh7 20. Qe3 g5 21. Nf5 Bxf5 22. gxf5 Qd4 23. Qe2 f6 24. Rab1 Rb8 25. Qh5 Kg7 26. Qg6+ Kf8 27. Qxh6+ Ke7 28. Qh5 Qc3 29. Qe2 Qxa5 30. Ra1 Qc7 31. Rfb1 a5 32. Kg2 b5 33. Qd2 b4 34. Ra4 Nb6 35. Raa1 a4 36. Qe2 Ra8 37. Qe3 Qd6 38. h4 gxh4 39. Bxh4 Rg8+ 40. Kf1 Rh8 41. Bg3 a3 42. Ke2 Na4 43. Rh1 Nc3+ 44. Kd2 a2 45. Rh6 Qd4 0-1


[Site "https://www.chess.com"]

[Event "Titled Tuesday Blitz August 1 Early 2023"]
[White "Mirzanurov, Bulat"]
[Black "Zaksaite, Salomeja"]
[WhiteFideId "4184521"]
[BlackFideId "12801496"]
[WhiteElo "2163"]
[BlackElo "2310"]
[Result "1-0"]
[Round "6"]
[TimeControl "180+1"]
[Date "2023.08.01"]
[WhiteClock "0:00:17"]
[BlackClock "0:00:00"]
[Board "212"]

1. e4 c5 2. Nf3 Nc6 3. Bb5 e6 4. O-O Nge7 5. Re1 a6 6. Bf1 d5 7. exd5 Nxd5 8. Nc3 Nf6 9. d3 Be7 10. Bg5 O-O 11. a4 b6 12. g3 Bb7 13. Bg2 h6 14. Bf4 Qd7 15. Qd2 Kh7 16. Rad1 Rad8 17. Qe2 Nd4 18. Nxd4 cxd4 19. Ne4 Nd5 20. Bc1 Qxa4 21. b3 Qd7 22. Bb2 Nf6 23. Bxd4 Qxd4 24. Nxf6+ Bxf6 25. Bxb7 a5 26. Be4+ g6 27. h4 Bg7 28. h5 f5 29. hxg6+ Kxg6 30. Bf3 e5 31. Bg2 Kh7 32. Qh5 Rc8 33. Bh3 Rxc2 34. Bxf5+ Kg8 35. Rf1 Rc6 36. Be4 Rcf6 37. Rd2 b5 38. Kg2 Qc3 39. Re2 Qxb3 40. f4 exf4 41. Bd5+ Qxd5+ 42. Qxd5+ Kh8 43. Rxf4 Rxf4 44. gxf4 a4 45. Qxb5 a3 46. Qa5 Rxf4 47. Qxa3 Rg4+ 48. Kh3 Rd4 49. Re8+ Kh7 50. Kg2 Rg4+ 51. Kf3 Rd4 52. Qb3 Rd6 53. Qg8+ Kg6 54. Re6+ 1-0


[Site "https://www.chess.com"]

[Event "Titled Tuesday Blitz August 1 Early 2023"]
[White "Vila Dupla, Aurelio"]
[Black "Ai, Evan"]
[WhiteFideId "2203383"]
[BlackFideId "2094770"]
[WhiteElo "2138"]
[BlackElo "2307"]
[Result "0-1"]
[Round "6"]
[TimeControl "180+1"]
[Date "2023.08.01"]
[WhiteClock "0:00:00"]
[BlackClock "0:00:10"]
[Board "213"]

1. Nf3 Nf6 2. d4 e6 3. g3 d5 4. Bg2 c5 5. O-O Nc6 6. c4 dxc4 7. Ne5 Bd7 8. Nxd7 Qxd7 9. dxc5 Bxc5 10. Qc2 O-O 11. Qxc4 Qe7 12. Bg5 Ne5 13. Qh4 Ng6 14. Bxf6 Qxf6 15. Qxf6 gxf6 16. Nc3 Rad8 17. Rfd1 b6 18. Ne4 Be7 19. h4 f5 20. Ng5 h6 21. Nf3 Bf6 22. Rxd8 Rxd8 23. Rb1 Rc8 24. a4 Rc2 25. e3 Rxb2 26. Rxb2 Bxb2 27. Nd2 Ne5 28. Nb3 Bc3 29. Kf1 Nc4 30. Ke2 Bb4 31. Bc6 Kf8 32. Bb5 Nd6 33. Bc6 Ke7 34. Nd4 Nc4 35. Nb5 a6 36. Nd4 Kd6 37. Be8 f6 38. Bf7 Nb2 39. Bxe6 Nxa4 40. Bxf5 Nc5 41. Bb1 a5 42. Nc2 Bc3 43. Na3 Kc6 44. Kd1 b5 45. Kc2 b4 46. Nc4 a4 47. Na3 Ba1 48. Nc4 b3+ 49. Kd1 Kb5 50. Na3+ Kb4 51. Nc2+ bxc2+ 52. Kxc2 Bc3 53. f4 Ne4 54. g4 Nf2 55. g5 hxg5 56. hxg5 fxg5 57. fxg5 Ng4 58. g6 Nxe3+ 59. Kd3 Nd5 60. Ke4 Ne7 61. g7 Bxg7 62. Kd3 Bb2 63. Ba2 Nc6 64. Be6 Ne5+ 65. Kc2 Bd4 0-1


[Site "https://www.chess.com"]

[Event "Titled Tuesday Blitz August 1 Early 2023"]
[White "Hrbek, Stepan"]
[Black "Larina, Maria"]
[WhiteFideId "393479"]
[BlackFideId "24113182"]
[WhiteElo "2304"]
[BlackElo "2127"]
[Result "1-0"]
[Round "6"]
[TimeControl "180+1"]
[Date "2023.08.01"]
[WhiteClock "0:00:15"]
[BlackClock "0:00:04"]
[Board "214"]

1. e4 c6 2. d4 d6 3. Nc3 g6 4. Be3 Bg7 5. Qd2 Nd7 6. h4 h6 7. h5 g5 8. f4 gxf4 9. Bxf4 Ngf6 10. Nf3 Qa5 11. O-O-O Nxh5 12. Bh2 Nb6 13. Kb1 Be6 14. Be2 Nc4 15. Bxc4 Bxc4 16. e5 O-O-O 17. g4 dxe5 18. gxh5 exd4 19. Qf4 e5 20. Qg4+ Be6 21. Qxg7 dxc3 22. a3 Qb5 23. b4 Qc4 24. Rd5 Bxd5 25. Kc1 Bxf3 26. Qxe5 Rd5 27. Qc7# 1-0


[Site "https://www.chess.com"]

[Event "Titled Tuesday Blitz August 1 Early 2023"]
[White "Ardila, Oscar Humberto"]
[Black "Goughfather"]
[WhiteFideId "4404742"]
[WhiteElo "2299"]
[BlackElo "2102"]
[Result "1-0"]
[Round "6"]
[TimeControl "180+1"]
[Date "2023.08.01"]
[WhiteClock "0:00:12"]
[BlackClock "0:00:00"]
[Board "215"]

1. d4 d5 2. c4 c6 3. Nc3 Nf6 4. Bf4 dxc4 5. Nf3 Nd5 6. Bg3 b5 7. e4 Nxc3 8. bxc3 Bb7 9. Qc2 e6 10. Be2 Bd6 11. O-O Be7 12. a4 a6 13. Rfb1 Nd7 14. Ne5 Nxe5 15. Bxe5 O-O 16. Bf3 Qd7 17. Rd1 Rfd8 18. Qc1 f6 19. Bg3 Qe8 20. Qb2 Qf7 21. e5 f5 22. axb5 axb5 23. Bf4 Qe8 24. Rxa8 Rxa8 25. Ra1 Rxa1+ 26. Qxa1 Qa8 27. Qe1 Qa3 28. g4 g6 29. gxf5 gxf5 30. Kh1 Qa8 31. Qg1+ Kh8 32. Bg5 Qd8 33. h4 Qf8 34. Qg2 Bxg5 35. hxg5 Qe8 36. Qh2 Qg6 37. Qg2 Qe8 38. Qh3 Qg6 39. Qh4 b4 40. Bh5 Qg8 41. cxb4 c3 42. Bd1 1-0


[Site "https://www.chess.com"]

[Event "Titled Tuesday Blitz August 1 Early 2023"]
[White "Kaminski, Victor"]
[Black "Winkels, Marcel"]
[WhiteFideId "1131630"]
[BlackFideId "1003887"]
[WhiteElo "2298"]
[BlackElo "2101"]
[Result "1-0"]
[Round "6"]
[TimeControl "180+1"]
[Date "2023.08.01"]
[WhiteClock "0:02:05"]
[BlackClock "0:00:00"]
[Board "216"]

1. e4 c5 2. Nf3 e6 3. d4 cxd4 4. Nxd4 Nc6 5. Nc3 Qc7 6. g4 a6 7. h4 b5 8. Nxc6 Qxc6 9. a3 Bb7 10. Rh3 b4 11. axb4 Bxb4 12. Bd2 Nf6 13. e5 Bxc3 14. Rxc3 Qe4+ 15. Re3 Qxg4 16. exf6 Qxh4 17. fxg7 Rg8 18. Bc3 O-O-O 19. Qd4 Qxd4 20. Bxd4 d5 21. Bxa6 Rde8 22. Rc3+ Kb8 23. Be5+ Ka8 24. Bb5+ 1-0


[Site "https://www.chess.com"]

[Event "Titled Tuesday Blitz August 1 Early 2023"]
[White "Lakshmi C"]
[Black "Ziatdinov, Raset"]
[WhiteFideId "25035347"]
[BlackFideId "2015323"]
[WhiteElo "2076"]
[BlackElo "2297"]
[Result "1/2-1/2"]
[Round "6"]
[TimeControl "180+1"]
[Date "2023.08.01"]
[WhiteClock "0:00:09"]
[BlackClock "0:00:35"]
[Board "217"]

1. e4 e6 2. d4 d5 3. exd5 exd5 4. Nf3 Nf6 5. Bd3 Bd6 6. O-O O-O 7. Nc3 c6 8. Ne2 Bg4 9. Ng3 Nbd7 10. h3 Bxg3 11. fxg3 Bh5 12. Bg5 Qb6 13. g4 Bg6 14. Rb1 Rae8 15. c3 Bxd3 16. Qxd3 Ne4 17. Bf4 f6 18. c4 Re6 19. b4 Rfe8 20. c5 Qd8 21. b5 Qa5 22. bxc6 bxc6 23. Rb7 Nf8 24. a3 Ng6 25. Bc7 Qa4 26. Rb4 Nf4 27. Bxf4 Qa5 28. Rb7 R6e7 29. Rxe7 Rxe7 30. Rb1 Kf7 31. Bd6 Rd7 32. Bf4 Re7 33. Bd2 Qa4 34. Bf4 Qa5 1/2-1/2


[Site "https://www.chess.com"]

[Event "Titled Tuesday Blitz August 1 Early 2023"]
[White "Fernandez Siles, Luis"]
[Black "Gopal, K.N."]
[WhiteFideId "2209420"]
[BlackFideId "5001447"]
[WhiteElo "2286"]
[BlackElo "2046"]
[Result "1-0"]
[Round "6"]
[TimeControl "180+1"]
[Date "2023.08.01"]
[WhiteClock "0:00:50"]
[BlackClock "0:00:05"]
[Board "218"]

1. e4 Nc6 2. Nf3 d6 3. d4 Nf6 4. Nc3 g6 5. h3 Bg7 6. Be3 O-O 7. Qd2 Re8 8. O-O-O a6 9. g4 b5 10. Bd3 b4 11. Nd5 a5 12. Nxf6+ exf6 13. d5 Ne5 14. Nd4 Nxd3+ 15. cxd3 Bd7 16. Kb1 Qb8 17. Rc1 Ra6 18. f3 a4 19. h4 b3 20. a3 Rc8 21. Rc4 c5 22. dxc6 Bxc6 23. Rhc1 Bd7 24. Nb5 Rxc4 25. dxc4 f5 26. Nc3 Rc6 27. Nd5 Rc5 28. gxf5 Rc6 29. f6 Bf8 30. Bh6 Be7 31. Nxe7+ Kh8 32. Bg7# 1-0


[Site "https://www.chess.com"]

[Event "Titled Tuesday Blitz August 1 Early 2023"]
[White "Mikhaylova, Irina"]
[Black "Slayyy_200"]
[WhiteFideId "4109040"]
[WhiteElo "2236"]
[BlackElo "2042"]
[Result "1-0"]
[Round "6"]
[TimeControl "180+1"]
[Date "2023.08.01"]
[WhiteClock "0:02:02"]
[BlackClock "0:00:17"]
[Board "220"]

1. Nf3 Nf6 2. c4 c5 3. Nc3 Nc6 4. d4 cxd4 5. Nxd4 g6 6. e4 Bg7 7. Be3 O-O 8. Be2 d6 9. O-O a6 10. Rc1 Nxd4 11. Bxd4 Be6 12. Qd2 Rc8 13. b3 h5 14. f3 Kh7 15. Be3 Qd7 16. Rfd1 Rfd8 17. Na4 Qc7 18. Bb6 Qb8 19. Bxd8 Bh6 20. f4 Nxe4 21. Qe3 Rxd8 22. Qxe4 Qa7+ 23. Qd4 Qb8 24. g3 Bg7 25. Qe3 1-0


[Site "https://www.chess.com"]

[Event "Titled Tuesday Blitz August 1 Early 2023"]
[White "Tuleyeva-Aketayeva, Dana"]
[Black "rikchessmx"]
[WhiteFideId "13701932"]
[WhiteElo "2227"]
[BlackElo "2222"]
[Result "1/2-1/2"]
[Round "6"]
[TimeControl "180+1"]
[Date "2023.08.01"]
[WhiteClock "0:00:13"]
[BlackClock "0:01:28"]
[Board "221"]

1. d4 d5 2. Nf3 e6 3. g3 c6 4. Bg2 Nd7 5. O-O Ngf6 6. c4 dxc4 7. Nbd2 b5 8. a4 Bb7 9. Qc2 a6 10. b3 cxb3 11. Nxb3 Be7 12. Rd1 O-O 13. e4 Qb6 14. Be3 Rac8 15. d5 c5 16. dxe6 Qxe6 17. Ng5 Qb6 18. e5 Nxe5 19. Bf4 Ng6 20. Bh3 Rcd8 21. Be3 Qc6 22. f3 h6 23. Nxf7 Rxf7 24. Na5 Qxf3 25. Nxb7 Qxe3+ 26. Kh1 Rxd1+ 27. Rxd1 Ne4 28. Be6 Nf2+ 29. Kg2 Nh4+ 30. gxh4 Nxd1 31. Bxf7+ Kxf7 32. Qxd1 Qe4+ 33. Qf3+ Qxf3+ 34. Kxf3 bxa4 35. Na5 a3 36. Nb3 c4 37. Nc1 Bf6 38. Na2 c3 39. Ke2 Bxh4 40. Kd3 Bf6 41. Kc2 Ke6 42. Kb3 Kd5 43. Kxa3 Kc4 44. h4 Bxh4 45. Nb4 Be7 46. Ka4 Bxb4 1/2-1/2


[Site "https://www.chess.com"]

[Event "Titled Tuesday Blitz August 1 Early 2023"]
[White "Johnson, Ben"]
[Black "Mishra, Manoj"]
[WhiteFideId "2010917"]
[BlackFideId "5006007"]
[WhiteElo "2129"]
[BlackElo "2224"]
[Result "1/2-1/2"]
[Round "6"]
[TimeControl "180+1"]
[Date "2023.08.01"]
[WhiteClock "0:00:12"]
[BlackClock "0:00:15"]
[Board "222"]

1. Nf3 Nf6 2. c4 g6 3. b3 Bg7 4. Bb2 O-O 5. g3 b6 6. Bg2 Bb7 7. O-O d6 8. d4 Nbd7 9. Nc3 e5 10. e3 Re8 11. Qd2 e4 12. Ne1 Nh5 13. d5 f5 14. Nb5 Ne5 15. Nd4 Nf6 16. Ne6 Rxe6 17. dxe6 Qe7 18. f3 Qxe6 19. Rd1 Rd8 20. f4 Ned7 21. Nc2 Nc5 22. Ne1 d5 23. b4 Na4 24. Be5 Qe7 25. a3 b5 26. c5 a5 27. Nc2 Ng4 28. Bxg7 Kxg7 29. Na1 Qf6 30. Rc1 axb4 31. axb4 Qb2 32. Qxb2+ Nxb2 33. Rfe1 Nd3 34. Nb3 Ra8 35. h3 Nxc1 36. Nxc1 Nf6 37. Nb3 Ra3 38. Na5 Ba8 39. c6 Ne8 40. Rd1 Rxe3 41. Rxd5 Nd6 42. Bf1 Rxg3+ 43. Kf2 Rf3+ 44. Kg2 Rc3 45. Bxb5 Nxb5 46. Rxb5 Bxc6 47. Nxc6 Rxc6 48. Rb7 Rc2+ 49. Kg3 Kh6 50. b5 Kh5 51. b6 Rc3+ 52. Kf2 Rc2+ 53. Kg3 Rc3+ 54. Kg2 Rc2+ 55. Kg3 1/2-1/2


[Site "https://www.chess.com"]

[Event "Titled Tuesday Blitz August 1 Early 2023"]
[White "UgarteCesar"]
[Black "Pein, Jonathan"]
[BlackFideId "417092"]
[WhiteElo "2195"]
[BlackElo "2444"]
[Result "1-0"]
[Round "6"]
[TimeControl "180+1"]
[Date "2023.08.01"]
[WhiteClock "0:00:11"]
[BlackClock "0:00:00"]
[Board "223"]

1. d4 c5 2. d5 f5 3. c4 Nf6 4. Nc3 g6 5. Bg5 Bg7 6. h4 Qb6 7. Rb1 d6 8. e3 Nbd7 9. Nf3 Qa5 10. Bd3 a6 11. a3 h6 12. Bf4 Nh5 13. Bh2 Bxc3+ 14. bxc3 Qxc3+ 15. Kf1 Qxa3 16. e4 fxe4 17. Bxe4 Rg8 18. Qc2 Nf8 19. Re1 Nf6 20. Bd3 Bd7 21. Bxd6 O-O-O 22. Bxe7 Ba4 23. Qd2 N8d7 24. Bxd8 Rxd8 25. Rh3 Rf8 26. Bxg6 Bb3 27. Bf5 Bxc4+ 28. Kg1 Qb4 29. Qxh6 Bxd5 30. Qxf8+ Kc7 31. Bxd7 Nxd7 32. Re7 Bc6 33. Ne5 Qe4 34. Nf3 Qd5 35. Qf4+ Kd8 36. Rf7 a5 37. Rg3 Nb6 38. Qb8+ Nc8 39. Rg8+ Be8 40. Rxe8+ Kxe8 41. Rxb7 Qd1+ 42. Kh2 Qd7 43. Qc7 Qxc7+ 44. Rxc7 Nd6 45. Rxc5 a4 46. Ra5 1-0


[Site "https://www.chess.com"]

[Event "Titled Tuesday Blitz August 1 Early 2023"]
[White "Arcos Facio, Mateo"]
[Black "Khromkin, Andrey"]
[WhiteFideId "3001199"]
[BlackFideId "4154126"]
[WhiteElo "2200"]
[BlackElo "2437"]
[Result "0-1"]
[Round "6"]
[TimeControl "180+1"]
[Date "2023.08.01"]
[WhiteClock "0:00:03"]
[BlackClock "0:02:01"]
[Board "224"]

1. e4 c5 2. Nf3 Nc6 3. Bb5 g6 4. Bxc6 dxc6 5. h3 Bg7 6. d3 Nh6 7. Nc3 f6 8. Be3 b6 9. a3 e5 10. b4 cxb4 11. axb4 Be6 12. O-O O-O 13. b5 c5 14. Nd2 f5 15. Nc4 f4 16. Bd2 f3 17. Bxh6 fxg2 18. Kxg2 Qh4 19. Be3 Qxh3+ 20. Kg1 Bg4 21. f3 Qg3+ 22. Kh1 Rxf3 23. Qd2 Qh3+ 24. Qh2 Rxf1+ 25. Rxf1 Qxf1+ 26. Qg1 Qh3+ 27. Qh2 Bf3+ 28. Kg1 Qg4+ 29. Kf2 Rf8 30. Ke1 Bg2 31. Nd2 h5 32. Ne2 h4 0-1


[Site "https://www.chess.com"]

[Event "Titled Tuesday Blitz August 1 Early 2023"]
[White "Amorim, Daniel Madson De Medeiro"]
[Black "Kuchava, Ana"]
[WhiteFideId "2124912"]
[BlackFideId "13605348"]
[WhiteElo "2299"]
[BlackElo "2186"]
[Result "0-1"]
[Round "6"]
[TimeControl "180+1"]
[Date "2023.08.01"]
[WhiteClock "0:00:29"]
[BlackClock "0:00:51"]
[Board "225"]

1. d4 d5 2. c4 e6 3. Nc3 Be7 4. cxd5 exd5 5. Bf4 c6 6. e3 Bf5 7. Bd3 Bxd3 8. Qxd3 Nf6 9. h3 O-O 10. Nge2 Nbd7 11. O-O Re8 12. Rae1 Nb6 13. f3 Nc4 14. b3 Nb6 15. e4 dxe4 16. fxe4 a5 17. Rf2 a4 18. Ref1 axb3 19. axb3 Rf8 20. e5 Nfd5 21. Ne4 Nxf4 22. Nxf4 Nd5 23. Nh5 Bh4 24. g3 Bg5 25. Qf3 Be3 26. Qg4 Bxf2+ 27. Rxf2 g6 28. Nhf6+ Nxf6 29. exf6 Qxd4 30. Qh4 Ra1+ 31. Kh2 Kh8 32. Qh6 Rg8 33. Qf4 Qd1 34. Rf1 Qxf1 35. Qxf1 Rxf1 36. Ng5 Rxf6 0-1


[Site "https://www.chess.com"]